 Dungeon Crawl Stone Soup version 0.31-a0-1009-g454b1f1e0a (webtiles) character file.

Game seed: 12702500397669169295

169957 Maratek the Hoplite (level 17, -6/156 HPs)
             Began as a Minotaur Fighter on Nov 9, 2023.
             Was the Champion of Qazlal.
             Killed by divine providence
             ... invoked by a deep elf high priest
              (11 damage)
             ... on level 3 of the Elven Halls on Nov 13, 2023.
             The game lasted 00:57:26 (25136 turns).

Maratek the Hoplite (Minotaur Fighter)             Turns: 25136, Time: 00:57:28

Health: -6/156     AC: 41    Str: 33    XL:     17   Next: 36%
Magic:  0/16       EV: 15    Int:  5    God:    Qazlal [******]
Gold:   2967       SH: 29    Dex: 15    Spells: 16/16 levels left

rFire   + . .        F - +7 hand axe of Revolt {flame, +Blink Dex+3}
rCold   + . .        s - +5 kite shield
rNeg    . . .        f - +18 Lear's hauberk
rPois   +            (helmet currently unavailable)
rElec   +            l - +1 cloak
rCorr   +            (gloves currently unavailable)
SInv    .            (boots currently unavailable)
Will    ++...        r - amulet of guardian spirit Stlth
                     n - +4 ring of protection
HPRegen 0.46/turn    N - +6 ring of strength
MPRegen 0.15/turn

%: repel missiles, guardian spirit
@: mighty, resistant, protected from physical damage, on berserk cooldown,
enlightened, flying, slowed, very slow
A: horns 2, retaliatory headbutt, electricity resistance
a: Renounce Religion, Evoke Blink, Upheaval, Elemental Force, Disaster Area


You were on level 3 of the Elven Halls.
You worshipped Qazlal.
Qazlal was exalted by your worship.
You visited 5 branches of the dungeon, and saw 26 of its levels.

You collected 4117 gold pieces.
You spent 1150 gold pieces at shops.

Inventory:

Hand Weapons
 F - the +7 hand axe of Revolt (weapon) {flame, +Blink Dex+3}
   (You found it on level 13 of the Dungeon)

   Dex+3:     It affects your dexterity (+3).
   +Blink:    It lets you blink.
 M - a +0 broad axe
Missiles
 h - 8 throwing nets
Armour
 f - the +18 Lear's hauberk (worn)
   (You found it on level 5 of the Dungeon)
 l - a +1 cloak (worn)
 s - a +5 kite shield (worn)
Jewellery
 n - a +4 ring of protection (left hand)
 r - an amulet of guardian spirit (around neck)
 t - a ring of flight
 N - a +6 ring of strength (right hand)
 P - a +5 ring of evasion
Wands
 a - a wand of mindburst (22)
 w - a wand of charming (15)
 y - a wand of quicksilver (7)
 C - a wand of iceblast (22)
 E - a wand of flame (18)
 G - a wand of digging (5)
Scrolls
 c - 2 scrolls of amnesia
 e - a scroll of teleportation
 g - 3 scrolls of fear
 k - 3 scrolls of poison
 p - a scroll of blinking
 v - 4 scrolls of fog
 H - 7 scrolls of identify
 I - a scroll of torment
 J - 6 scrolls of enchant weapon
 K - 2 scrolls of revelation
Potions
 b - 3 potions of invisibility
 d - 2 potions of might
 m - 4 potions of mutation
 o - 3 potions of brilliance
 u - 8 potions of ambrosia
 x - 12 potions of curing
 z - 2 potions of heal wounds
 A - 3 potions of resistance
 B - a potion of enlightenment
 D - 2 potions of berserk rage
Miscellaneous
 i - a phantom mirror
 j - a tin of tremorstones (2/2)
 L - a lightning rod (4/4)


   Skills:
 * Level 15.1 Fighting
 * Level 17.9 Axes
 * Level 15.2 Armour
 * Level 12.3 Dodging
 - Level 0.5 Stealth
 * Level 23.0 Shields
 + Level 0.2 Evocations


You had 16 spell levels left.
You didn't know any spells.
Your spell library contained the following spells:

 Spells                   Type           Power      Damage    Failure   Level
 Foxfire                  Conj/Fire      0%         2x1d4     83%         1
 Magic Dart               Conj           0%         1d3       83%         1
 Blink                    Tloc           0%         N/A       92%         2
 Call Imp                 Summ           0%         N/A       92%         2
 Ensorcelled Hibernation  Hex/Ice        0%         N/A       92%         2
 Lesser Beckoning         Tloc           0%         N/A       92%         2
 Momentum Strike          Conj/Tloc      0%         3d8       92%         2
 Passwall                 Tmut/Erth      0%         N/A       92%         2
 Wereblood                Tmut           0%         N/A       92%         2
 Gell's Gravitas          Tloc           0%         N/A       99%         3
 Inner Flame              Hex/Fire       0%         N/A       99%         3
 Mephitic Cloud           Conj/Pois/Air  0%         N/A       99%         3
 Swiftness                Air            0%         N/A       99%         3
 Teleport Other           Tloc           0%         N/A       99%         3
 Flame Wave               Conj/Fire      0%         2d4       100%        4
 Petrify                  Tmut/Erth      0%         N/A       100%        4
 Sticky Flame             Conj/Fire      0%         2d3       100%        4
 Vhi's Electric Charge    Tloc/Air       0%         N/A       100%        4
 Arcjolt                  Conj/Air       0%         1d10      100%        5
 Irradiate                Conj/Tmut      0%         3d11      100%        5
 Summon Forest            Summ/Tloc      0%         N/A       100%        5
 Summon Mana Viper        Hex/Summ       0%         N/A       100%        5
 Dispersal                Tloc           0%         N/A       100%        6
 Plasma Beam              Fire/Air       0%         2x1d10    100%        6
 Starburst                Conj/Fire      0%         6d3       100%        6
 Summon Cactus Giant      Summ           0%         N/A       100%        6


Dungeon Overview and Level Annotations

Branches:
Dungeon (15/15)            Temple (1/1) D:5            Lair (5/5) D:9
  Swamp (0/4) Lair:2        Snake (0/4) Lair:2          Orc (2/2) D:10
    Elf (3/3) Orc:2        Vaults (0/5) D:14         Depths (0/4) D:15
  Slime: Lair:4-5

Altars:
Ashenzari
Cheibriados
Dithmenos
Elyvilon
Fedhas
Gozag
Hepliaklqana
Kikubaaqudgha
Makhleb
Nemelex Xobeh
Okawaru
Qazlal
Ru
Sif Muna
Trog
Uskayaw
Vehumet
Wu Jian
Xom
Yredelemnul
Zin
The Shining One
Jiyva

Shops:
D:3 ([   D:15 **   Orc:2 ****   Elf:2 [

Portals:
Trove: D:11 (give 5 scrolls of fog)

Annotations:
D:11 3 runed translucent doors, Pi314's ghost, journeyman DrCj
Lair:4 exclusion: oklob plant
Lair:5 3 runed translucent doors, Pi314's ghost, journeyman DsFE
Elf:1 8 runed translucent doors


Innate Abilities, Weirdness & Mutations

You have a pair of horns on your head.
You reflexively headbutt those who attack you in melee.
You are resistant to electric shocks. (rElec)


Message History

You hear a shout! x3
The deep elf demonologist seems less brilliant.
The Executioner gestures.
The Executioner seems to speed up.
You block the +0 long sword of draining's attack.
You block the orange demon's attack.
The deep elf demonologist is empowered by the deep elf high priest's aura!
The deep elf high priest mumbles some strange prayers to its god against you.
Something smites you!
* * * LOW HITPOINT WARNING * * *
You block the +0 long sword of draining's attack.
The cacodemon is engulfed in a thunderstorm.
You block the orange demon's attack.
The Tzitzimitl calls on the powers of darkness!
The deep elf demonologist convulses!
The deep elf high priest convulses! x2
The deep elf demonologist convulses!
Your body is wracked with pain!
* * * LOW HITPOINT WARNING * * *
The manticore convulses!
The deep elf death mage convulses!
The deep elf high priest convulses!
The deep elf demonologist convulses!
The deep elf annihilator convulses!
Blink to where?
Press: ? - help, Q - select action, (/) - cycle Dir - move target
As you read the scroll of blinking, it crumbles to dust.
The deep elf high priest mumbles some strange prayers to its god.
The deep elf high priest begins emitting a brilliant aura!
The deep elf demonologist mumbles some strange words.
The deep elf high priest calls down the wrath of its god upon you.
The sphere of damnation explodes!
The damnation engulfs you!!
* * * LOW HITPOINT WARNING * * *
The deep elf demonologist gestures wildly while chanting.
The deep elf high priest whispers, "I'll spare you if you take my job."
The cacodemon gestures at you. You resist with almost no effort.
The orange demon disappears in a puff of smoke!
The deep elf high priest is no longer giving off an aura.
You block the Executioner's attack. x2
The Executioner hits you but does no damage.
The deep elf high priest mumbles some strange prayers to its god against you.
Something smites you!
You die...

#... # #...######
## e##'##....## .#
3#e.12....##
.#######'.3H......#
.'..){ee.44e.4.)..#
.########e...4○..○#
.# #ee4...1..# ##
#.§2ee1.@.# #
##§..(.○°##
#?..3..## #.######
...# .#### .


You could see a Tzitzimitl (summoned), a Brimstone Fiend (summoned), a cacodemon
(summoned), a deep elf death mage (empowered), an Executioner (summoned, fast),
a shadow demon (summoned), 3 deep elf demonologists, an orange demon (summoned),
a manticore shaped shifter, 3 deep elf high priests, an ice devil (summoned), 2
smoke demons, a chaos spawn (summoned), 2 red devils and a +0 long sword of
draining.

Vanquished Creatures
  Saint Roka (Orc:2)
  Rupert (D:15)
  4 deep elf blademasters
  Agnes (Elf:1)
  2 deep elf sorcerers
  A stone giant (D:15)
  2 deep elf death magi
  Snorg (Lair:3)
  Fannar (Lair:3)
  A fire dragon (Lair:5)
  Harold (Orc:1)
  3 hydras
  A servant of whispers (Elf:1)
  5 boulder beetles
  3 two-headed ogres
  26 dancing weapons
  2 centaur warriors
  3 tengu warriors (D:15)
  12 death yaks (Lair:4)
  5 orc high priests (Orc:2)
  Sonja (Orc:2)
  16 deep elf knights
  Lodul (D:12)
  2 skysharks (Lair:5)
  22 skeletal warriors
  A fire crab (Lair:5)
  6 deep elf archers
  A deep troll (shapeshifter) (D:15)
  A swamp dragon (Lair:5)
  19 ugly things
  4 orc knights (Orc:2)
  26 deep elf zephyrmancers
  19 deep elf pyromancers
  A lindwurm (Lair:5)
  7 cyclopes
  A wolf spider (Lair:5)
  6 orc sorcerers
  5 manticores
  8 black mambas
  2 torpor snails
  A guardian serpent (Lair:5)
  9 elephants (Lair:5)
  2 gargoyles
  12 cane toads
  3 centaur skeletons (D:14)
  4 yaktaurs (D:14)
  4 rime drakes
  2 unseen horrors (D:11)
  7 komodo dragons
  A kobold demonologist (D:12)
  A tengu conjurer (D:15)
  2 anaconda simulacra (Elf:1)
  3 meliai (D:14)
  A queen bee (D:11)
  4 trolls
  4 polar bears
  4 hornets
  A tyrant leech (Lair:2)
  An alligator simulacrum (Elf:1)
  2 saltlings (Elf:1)
  9 blink frogs
  9 slime creatures
  An air elemental (Elf:3)
  3 wraiths
  3 shadows
  A vampire (D:11)
  13 wyverns
  2 dire elephant simulacra (Elf:1)
  5 water elementals
  2 ynoxinuls (D:9)
  A fire elemental (Elf:1)
  A human (shapeshifter) (D:14)
  4 basilisks
  54 yaks
  3 minotaur simulacra (Elf:1)
  2 redbacks (Lair:5)
  5 vampire mosquitoes
  6 steam dragons
  6 wargs
  2 acid dragons
  21 water moccasins
  2 black bears
  2 sky beasts (D:7)
  An ice beast (D:6)
  53 orc warriors
  20 ogres
  A boggart (D:14)
  9 centaurs
  3 wolves (Lair:1)
  7 kobold brigands
  A phantom (D:6)
  14 bullfrogs
  An earth elemental (Elf:3)
  5 scorpions
  A wight (D:7)
  37 killer bees
  2 electric eels (D:15)
  17 howler monkeys
  A jelly (D:6)
  34 orc priests
  A gnoll bouda (D:7)
  4 hounds
  A sleepcap (D:5)
  4 iguanas
  28 orc wizards
  A boggart skeleton (D:14)
  4 gnolls
  11 adders
  A shadow imp (D:7)
  3 white imps
  5 ufetubi (D:9)
  2 worms
  136 orcs
  10 endoplasms
  4 giant cockroaches
  7 goblins
  4 hobgoblins
  6 quokkas
  8 ball pythons
  7 bats
  7 frilled lizards
  15 kobolds
  5 rats
  2 butterflies (Lair:2)
933 creatures vanquished.

Vanquished Creatures (collateral kills)
  A yak (D:4)
1 creature vanquished.

Vanquished Creatures (others)
  A tengu warrior (D:14)
  A dancing weapon (Elf:2)
  2 deep elf knights
  An ugly thing (D:15)
  A water elemental (D:15)
  An iguana (Lair:5)
  An orc wizard (D:7)
  An orc (D:3)
  A quokka (D:14)
10 creatures vanquished.

Grand Total: 944 creatures vanquished

Notes
Turn   | Place    | Note
-------+----------+-------------------------------------------
     0 | D:1      | Maratek the Minotaur Fighter began the quest for the Orb.
     0 | D:1      | Reached XP level 1. HP: 19/19 MP: 0/0
   108 | D:1      | Reached XP level 2. HP: 27/27 MP: 1/1
  1045 | D:2      | Reached XP level 3. HP: 33/33 MP: 2/2
  1342 | D:2      | Reached skill level 4 in Shields
  1493 | D:2      | Reached XP level 4. HP: 40/40 MP: 3/3
  1631 | D:3      | Found Heosseaq's Antique Armour Shoppe.
  1675 | D:3      | Reached XP level 5. HP: 26/47 MP: 4/4
  1780 | D:3      | Bought a kite shield for 112 gold pieces
  1930 | D:3      | Found a radiant altar of Vehumet.
  2058 | D:3      | Found Peghur's Weapon Shop.
  2334 | D:4      | Reached skill level 5 in Axes
  2547 | D:4      | Reached skill level 5 in Armour
  2566 | D:4      | Reached XP level 6. HP: 38/55 MP: 5/5
  2567 | D:4      | Reached skill level 1 in Dodging
  2570 | D:4      | Reached skill level 5 in Fighting
  2671 | D:4      | Noticed a water moccasin
  2679 | D:4      | Killed a water moccasin
  3166 | D:5      | Entered Level 5 of the Dungeon
  3174 | D:5      | Noticed a yak
  3175 | D:5      | Noticed a yak
  3175 | D:5      | Noticed a yak
  3175 | D:5      | Noticed a yak
  3176 | D:5      | Noticed a yak
  3193 | D:4      | Gained mutation: Your natural rate of healing is unusually
                  | fast. [potion of mutation]
  3197 | D:4      | Killed a yak
  3197 | D:4      | Killed a yak
  3198 | D:4      | Reached skill level 5 in Shields
  3198 | D:4      | Reached XP level 7. HP: 12/61 MP: 6/6
  3217 | D:4      | Killed a yak
  3375 | D:5      | Killed a yak
  3376 | D:5      | Reached XP level 8. HP: 22/70 MP: 7/7
  3463 | D:5      | Found a staircase to the Ecumenical Temple.
  3480 | Temple   | Entered the Ecumenical Temple
  3491 | Temple   | Became a worshipper of Qazlal Stormbringer
  3508 | Temple   | Identified a scroll of acquirement
  3508 | Temple   | Acquired 788 gold pieces
  3649 | D:3      | Bought a pair of runed gloves for 187 gold pieces
  3815 | D:5      | Found a bloodstained altar of Trog.
  3848 | D:5      | Found the +18 Lear's hauberk
  3877 | D:5      | Found a shimmering altar of Xom.
  3953 | D:5      | Found a white marble altar of Elyvilon.
  4033 | D:5      | Found an ancient bone altar of Kikubaaqudgha.
  4037 | D:5      | Found a snail-covered altar of Cheibriados.
  4418 | D:6      | Reached skill level 6 in Shields
  4578 | D:6      | Reached * piety under Qazlal
  4927 | D:6      | Reached XP level 9. HP: 78/78 MP: 8/8
  5203 | D:6      | Reached skill level 7 in Shields
  5561 | D:7      | Reached skill level 10 in Axes
  5655 | D:7      | Reached ** piety under Qazlal
  5663 | D:7      | Reached skill level 8 in Shields
  5715 | D:7      | Noticed a two-headed ogre
  5728 | D:7      | Killed a two-headed ogre
  5729 | D:7      | Reached XP level 10. HP: 69/86 MP: 9/9
  6051 | D:7      | Reached skill level 9 in Shields
  6292 | D:8      | Found an opulent altar of Gozag.
  6512 | D:8      | Reached skill level 5 in Dodging
  6632 | D:8      | Found a blossoming altar of Fedhas.
  6867 | D:8      | Found a shimmering blue altar of Sif Muna.
  7093 | D:9      | Reached *** piety under Qazlal
  7191 | D:9      | Found a staircase to the Lair.
  7315 | D:9      | Reached skill level 10 in Shields
  7624 | D:10     | Entered Level 10 of the Dungeon
  7754 | D:10     | Noticed a centaur warrior
  7768 | D:10     | Killed a centaur warrior
  7769 | D:10     | Reached XP level 11. HP: 82/94 MP: 10/10
  7841 | D:10     | Noticed a two-headed ogre
  7852 | D:10     | Killed a two-headed ogre
  8042 | D:10     | Reached **** piety under Qazlal
  8043 | D:10     | Reached skill level 11 in Shields
  8133 | D:10     | Found a staircase to the Orcish Mines.
  8905 | D:11     | Found a runed translucent gate.
  8905 | D:11     | Found a runed translucent gate.
  8905 | D:11     | Found a runed translucent gate.
  8906 | D:11     | Noticed Pi314's ghost (journeyman DrCj)
  8950 | D:11     | Noticed a green ugly thing
  8964 | D:11     | Killed a green ugly thing
  8965 | D:11     | Reached skill level 10 in Armour
  9293 | D:11     | Reached skill level 12 in Shields
  9811 | D:11     | Found a portal to a secret trove of treasure.
 10344 | D:12     | Noticed Lodul
 10382 | D:12     | Killed Lodul
 10523 | D:12     | Noticed a skeletal warrior
 10525 | D:12     | Noticed a skeletal warrior
 10527 | D:12     | Reached XP level 12. HP: 104/104 MP: 11/11
 10566 | D:12     | Reached ***** piety under Qazlal
 10567 | D:12     | Reached skill level 13 in Shields
 10778 | D:12     | Noticed a boulder beetle
 10905 | D:12     | Killed a boulder beetle
 11042 | D:12     | Found a blossoming altar of Fedhas.
 11650 | D:13     | Reached skill level 14 in Shields
 11661 | D:13     | Reached skill level 10 in Fighting
 11757 | D:13     | Identified the +7 hand axe of Revolt {flame, +Blink Dex+3}
 11780 | D:13     | Reached XP level 13. HP: 98/113 MP: 12/12
 11932 | Lair:1   | Entered Level 1 of the Lair of Beasts
 11939 | Lair:1   | Identified the +2 robe "Oliarusov" {rElec rF- rN+ Will+}
 12687 | Lair:2   | Identified the "Evaejan"
 13014 | Lair:2   | Found a staircase to the Snake Pit.
 13297 | Lair:2   | Found a staircase to the Swamp.
 13503 | Lair:3   | Reached skill level 15 in Shields
 13573 | Lair:3   | Noticed Snorg
 13584 | Lair:3   | Killed Snorg
 13585 | Lair:3   | Reached skill level 15 in Axes
 13673 | Lair:3   | Noticed Fannar
 13704 | Lair:3   | Killed Fannar
 14397 | Lair:4   | Reached skill level 16 in Shields
 14498 | Lair:4   | Reached XP level 14. HP: 88/124 MP: 13/13
 14769 | Lair:4   | Found a viscous altar of Jiyva.
 15031 | Lair:5   | Entered Level 5 of the Lair of Beasts
 15051 | Lair:5   | Reached skill level 17 in Shields
 15058 | Lair:5   | Reached ****** piety under Qazlal
 15237 | Lair:5   | Reached skill level 10 in Dodging
 15541 | Lair:5   | Reached skill level 18 in Shields
 15604 | Lair:5   | Upgraded the game from 0.31-a0-1002-g8e65716e6e to
                  | 0.31-a0-1005-gfbdfbacc72
 15924 | Lair:5   | Found a runed translucent gate.
 15924 | Lair:5   | Found a runed translucent gate.
 15933 | Lair:5   | Noticed Pi314's ghost (journeyman DsFE)
 15939 | Lair:5   | Found a runed translucent gate.
 16628 | Lair:5   | Upgraded the game from 0.31-a0-1005-gfbdfbacc72 to
                  | 0.31-a0-1009-g454b1f1e0a
 17575 | D:14     | Reached skill level 19 in Shields
 17635 | D:14     | Reached XP level 15. HP: 132/132 MP: 14/14
 17879 | D:14     | Found a white marble altar of Elyvilon.
 18138 | D:14     | Found a gate to the Vaults.
 18426 | D:15     | Entered Level 15 of the Dungeon
 18427 | D:15     | Identified the +3 leather armour of Eblis {Will+ Int+3}
 18555 | D:15     | Noticed Rupert
 18581 | D:15     | Killed Rupert
 18607 | D:15     | Found Vilyeph's General Store.
 18609 | D:15     | Found Zufikkaf's Specific Store.
 18626 | D:15     | Bought a scroll of enchant weapon for 112 gold pieces
 18675 | D:15     | Reached skill level 20 in Shields
 18929 | D:15     | Identified the +1 leather armour of Sophism {*Slow rF++
                  | rCorr Str+2 SInv}
 19038 | D:15     | Found a staircase to the Depths.
 19441 | Orc:1    | Entered Level 1 of the Orcish Mines
 19441 | Orc:1    | Noticed Harold
 19446 | Orc:1    | Killed Harold
 19457 | Orc:1    | Paralysed by an orc sorcerer for 5 turns
 19570 | Orc:1    | You fall into a shaft and drop 1 floor!
 19570 | Orc:2    | Entered Level 2 of the Orcish Mines
 20099 | Orc:2    | Found a staircase to the Elven Halls.
 20465 | Orc:2    | Noticed Sonja
 20471 | Orc:2    | Noticed Saint Roka
 20542 | Orc:2    | Killed Sonja
 20885 | Orc:2    | Found Xienuarph's Assorted Antiques.
 20890 | Orc:2    | Bought a scroll of enchant weapon for 150 gold pieces
 20890 | Orc:2    | Bought a tiny cameo amulet for 100 gold pieces
 20900 | Orc:2    | Found Ceixuet's General Store.
 21115 | Orc:2    | Reached XP level 16. HP: 144/144 MP: 15/15
 21156 | Orc:2    | Killed Saint Roka
 21195 | Orc:2    | Reached skill level 21 in Shields
 21325 | Orc:2    | Found Vuaroat's Assorted Antiques.
 21348 | Orc:2    | Bought a scroll of enchant weapon for 255 gold pieces
 21348 | Orc:2    | Bought an emerald ring for 170 gold pieces
 21404 | Orc:2    | Found Xiuj's General Store.
 21419 | Orc:2    | Bought a scroll of fog for 64 gold pieces
 21585 | Orc:2    | Lost mutation: Your natural rate of healing is unusually
                  | fast. [potion of mutation]
 21585 | Orc:2    | Gained mutation: Armour fits poorly on your strangely
                  | shaped body. [potion of mutation]
 21585 | Orc:2    | Gained mutation: You are agile. (Dex +4, Str/Int -1)
                  | [potion of mutation]
 21585 | Orc:2    | Gained mutation: You possess an exceptional clarity of
                  | mind. [potion of mutation]
 21586 | Orc:2    | Lost mutation: Armour fits poorly on your strangely shaped
                  | body. [potion of mutation]
 21586 | Orc:2    | Lost mutation: You are agile. (Dex +4, Str/Int -1) [potion
                  | of mutation]
 21586 | Orc:2    | Lost mutation: You possess an exceptional clarity of mind.
                  | [potion of mutation]
 21586 | Orc:2    | Gained mutation: You do not regenerate when monsters are
                  | visible. [potion of mutation]
 21586 | Orc:2    | Gained mutation: You have supernaturally acute eyesight.
                  | (SInv) [potion of mutation]
 21586 | Orc:2    | Gained mutation: Your spells are a little harder to cast,
                  | but a little more powerful. [potion of mutation]
 21587 | Orc:2    | Lost mutation: You do not regenerate when monsters are
                  | visible. [potion of mutation]
 21587 | Orc:2    | Lost mutation: Your spells are a little harder to cast, but
                  | a little more powerful. [potion of mutation]
 21587 | Orc:2    | Lost mutation: You have supernaturally acute eyesight.
                  | (SInv) [potion of mutation]
 21587 | Orc:2    | Gained mutation: You are resistant to electric shocks.
                  | (rElec) [potion of mutation]
 21682 | WizLab   | Identified the "Zuoheima"
 21682 | Vaults:5 | Identified the of Lima
 21682 | Vaults:5 | Identified the "Vosazaxo"
 21682 | Vaults:5 | Identified the "Vautudeth"
 21682 | Crypt:3  | Identified the "Jostuyp"
 21682 | Crypt:3  | Identified the "Joecwit"
 21682 | Depths:2 | Identified the of Othragourr
 21682 | Depths:2 | Identified the "Cogatex"
 21682 | Depths:2 | Identified the "Nolitiz"
 21682 | Depths:3 | Identified the "Zaumur"
 21682 | Desolati | Identified the of Royra
 21682 | Desolati | Identified the of Homotub
 21682 | Desolati | Identified the "Ycammoeh"
 21682 | Elf:1    | Entered Level 1 of the Elven Halls
 21932 | Elf:1    | Found a huge runed translucent gate.
 21932 | Elf:1    | Noticed a deep elf blademaster
 21933 | Elf:1    | Found a huge runed translucent gate.
 21933 | Elf:1    | Found a huge runed translucent gate.
 21933 | Elf:1    | Found a huge runed translucent gate.
 21934 | Elf:1    | Found a huge runed translucent gate.
 21935 | Elf:1    | Found a huge runed translucent gate.
 21935 | Elf:1    | Found a huge runed translucent gate.
 21939 | Elf:1    | Found a huge runed translucent gate.
 21945 | Elf:1    | Identified the +3 double sword "Embalmer" {pain, Int+6}
 21945 | Elf:1    | Noticed a deep elf blademaster
 22396 | Elf:1    | Found a crumbling gateway.
 22424 | Elf:1    | Found a frozen archway.
 22565 | Elf:1    | Noticed Agnes
 22583 | Elf:1    | Killed Agnes
 23039 | Elf:2    | Found Tillaa's Antique Armour Boutique.
 23117 | Elf:2    | Found a runed translucent gate.
 23118 | Elf:2    | Found a runed translucent gate.
 23118 | Elf:2    | Found a runed translucent gate.
 23294 | Elf:2    | Reached skill level 22 in Shields
 23747 | Elf:2    | Reached skill level 15 in Armour
 23798 | Elf:2    | Reached XP level 17. HP: 146/154 MP: 16/16
 23806 | Elf:2    | Noticed a deep elf blademaster
 24363 | Elf:2    | Killed a deep elf blademaster
 24771 | Elf:3    | Identified the of Tinoc
 24771 | Elf:3    | Identified the "Melaebria"
 24771 | Elf:3    | Identified the "Asoim"
 24771 | Elf:3    | Entered Level 3 of the Elven Halls
 24784 | Elf:3    | Noticed a deep elf blademaster
 24784 | Elf:3    | Noticed a deep elf blademaster
 24788 | Elf:3    | Noticed a deep elf master archer
 24927 | Elf:3    | Reached skill level 15 in Fighting
 25065 | Elf:3    | Killed a deep elf blademaster
 25065 | Elf:3    | Noticed a deep elf blademaster
 25072 | Elf:3    | Noticed a deep elf blademaster
 25087 | Elf:3    | Killed a ghostly deep elf blademaster
 25098 | Elf:3    | Killed a deep elf blademaster
 25124 | Elf:3    | Killed a deep elf blademaster
 25128 | Elf:3    | Reached skill level 23 in Shields
 25133 | Elf:3    | Noticed a Tzitzimitl
 25135 | Elf:3    | Noticed a Brimstone Fiend
 25135 | Elf:3    | HP: 4/156 [deep elf high priest/damnation (19)]
 25136 | Elf:3    | Killed from afar by a deep elf high priest

Illustrated notes

Levels and vault maps discovered:
D:1:      roderic_crop_circles_arrival_small, layout_basic
D:2:      layout_loops_cross
D:3:      layout_rooms, mainiacjoe_overflow_surrounded_room, serial_shops, shop,
          shop, chequers_serial_rivers_small_b
D:4:      layout_loops_cross, abandoned_shop
D:5:      layout_cave_pools, minitemple, mainiacjoe_overflow_boulevard,
          minmay_temple_entry_waves, nicolae_tricolors
D:6:      minmay_polygon_palace, layout_basic, lexackson_kobold_supper
D:7:      cheibrodos_fzero, layout_loops_cross
D:8:      layout_loops_ring, amcnicky_altar_gilded,
          mainiacjoe_overflow_chevrons, nicolae_overflow_crystal_walls
D:9:      layout_basic, lair_entry_dummy, minivault_23, nicolae_fort_ynox
D:10:     layout_basic, erik_orc_3, dk_vineyard_1,
          chequers_serial_rivers_large_b
D:11:     layout_roguey [special_room_bee], nicolae_trove_entry_crystal,
          gammafunk_ghost_nasty_kobolds
D:12:     layout_loops_cross, fedhas_bush_and_centaur_altar, uniq_lodul
D:13:     layout_roguey
D:14:     layout_rooms, hangedman_vaults_entry_quadrant_bands, grunt_decor_cap,
          dreamdust_princess_bridge, nicolae_two_hexagons, elyvilon_altar_4
D:15:     grunt_enter_depths_snipers, layout_cross, st_stairs_4,
          nicolae_specific_store, chequers_big_river, uniq_rupert
Temple:   compressed_dpeg_triangle_lava_temple
Lair:1:   layout_chaotic_city, grunt_megastairs_5
Lair:2:   layout_chaotic_city, minmay_swamp_entry_worms, dummy_snake_entry,
          lemuel_fruit_fields
Lair:3:   layout_layer_cave, pdpol_lair_neglected_garden, uniq_fannar,
          uniq_snorg
Lair:4:   beast_lair_carwin_large_3, layout_cave_pods,
          minmay_slime_entry_oklob_enclosed
Lair:5:   guppyfry_lair_end_dragon, layout_layer_cave,
          hangedman_lair_tendril_chambers, ebering_ghost_rock_garden,
          st_stairs_10
Orc:1:    layout_caves, mines1_david, uniq_harold
Orc:2:    pubby_orc_utopia, serial_shops, uniq_sonja
Elf:1:    eino_elf_arrival_shootout, layout_geoelf_octagon,
          portal_ice_cave_entry_ice_simulacra, portal_desolation_entry_salt,
          hangedman_elven_crosses_minicolossus,
          nicolae_elf_double_double_double_trouble, uniq_agnes
Elf:2:    nicolae_elf_blades_crystal_corner, layout_geoelf_grid, serial_shops,
          shop, lemuel_statue_altar
Elf:3:    minmay_elf_hall_circle, layout_geoelf_grid,
          serial_sigils_hangedman_snap

Skill      XL: |  1  2  3  4  5  6  7  8  9 10 11 12 13 14 15 16 17 |
---------------+----------------------------------------------------+-----
Armour         | 4 5 6 7 8 9 10 11 12 13 14 15 | 15.2
Fighting       | 4 5 6 7 8 9 10 11 12 13 14 15 | 15.1
Axes           | 3 4 5 6 7 9 11 12 13 14 15 16 17 | 17.9
Shields        | 4 5 6 8 10 12 14 16 19 20 22 23 | 23.0
Dodging        | 1 2 4 5 7 8 9 10 11 12 | 12.3
Stealth        | |  0.5
Evocations     | |  0.2

Action                     |  1- 3 |  4- 6 |  7- 9 | 10-12 | 13-15 | 16-18 || total
---------------------------+-------+-------+-------+-------+-------+-------++-------
  Melee: War axe           |    83 |   148 |   271 |   818 |       |       ||  1320
         Headbutt          |     9 |    25 |    53 |   195 |   321 |   136 ||   739
         Hand axe          |       |       |       |       |  1310 |   722 ||  2032
  Evoke: Wand              |       |     1 |       |       |       |       ||     1
    Use: Potion            |       |     1 |       |     5 |     8 |     8 ||    22
         Scroll            |       |       |    13 |    11 |     6 |     5 ||    35
 Armour: Scale mail        |    65 |    98 |       |       |       |       ||   163
         Plate armour      |       |    37 |    61 |       |       |       ||    98
         Chain mail        |       |       |   147 |   466 |   335 |   243 ||  1191
  Dodge: Dodged            |    44 |    65 |    69 |   192 |   194 |   119 ||   683
         Repelled          |       |       |       |       |    11 |     7 ||    18
  Block: Buckler           |     9 |     9 |       |       |       |       ||    18
         Kite shield       |       |    64 |   155 |   725 |  1051 |   614 ||  2609

Table legend: (Time is in decaauts)
 A = Elapsed time spent in this place.
 B = Non-inter-level travel time spent in this place.
 C = Inter-level travel time spent in this place.
 D = Time resting spent in this place.
 E = Time spent auto-exploring this place.
 F = Levels seen in this place.
 G = Mean time per level.
                   A        B        C        D        E       F      G
               +--------+--------+--------+--------+--------+-----+--------+
         Total |  24495 |  21819 |   2676 |   1310 |  15422 |  26 |  942.1 |
       Dungeon |  14303 |  12485 |   1818 |    484 |   9089 |  15 |  953.5 |
        Temple |     88 |     24 |     64 |      0 |      0 |   1 |   88.0 |
          Lair |   4759 |   4283 |    476 |      0 |   3459 |   5 |  951.8 |
  Orcish Mines |   2096 |   1965 |    131 |     66 |   1355 |   2 | 1048.0 |
   Elven Halls |   3248 |   3063 |    185 |    759 |   1518 |   3 | 1082.7 |
               +--------+--------+--------+--------+--------+-----+--------+

Top non-repeatable levels by time:
   Orc:2: 1674 daAuts
   Elf:1: 1612 daAuts
  Lair:5: 1536 daAuts
   Elf:2: 1364 daAuts
    D:11: 1320 daAuts
     D:6: 1316 daAuts
    D:10: 1285 daAuts
     D:4: 1243 daAuts
    D:12: 1161 daAuts
  Lair:4: 1047 daAuts
     D:1: 957 daAuts
    D:14: 882 daAuts
    D:15: 841 daAuts
     D:7: 836 daAuts
    D:13: 799 daAuts
